 Dungeon Crawl Stone Soup version 0.28.0-1-gb440e238dd (webtiles) character file.

Game seed: 16306844307492404572

6040 smarlow the Thaumaturge (level 11, -8/65 HPs)
             Began as a Djinni Fire Elementalist on Feb 24, 2022.
             Was a Follower of Ashenzari.
             Killed by an exploding fulminant prism (19 damage)
             ... on level 10 of the Dungeon.
             The game lasted 00:23:37 (11061 turns).

smarlow the Thaumaturge (Djinni Fire Elementalist) Turns: 11061, Time: 00:23:38

Health: -8/65      AC:  9    Str:  7    XL:     11   Next: 11%
Gold:   529        EV: 15    Int: 22    God:    Ashenzari [*.....] SH:  6 Dex: 13

rFire   + + .      SeeInvis +   (no weapon)
rCold   x . .      Faith    .   o - +0 buckler
rNeg    + . .      Spirit   .   G - +2 robe "Shackled With Me" {rN+, Fort, Melee} (curse)
rPois   ∞          Reflect  .   F - +2 hat
rElec   .          Harm     .   c - +0 cloak
rCorr   .          Rampage  .   l - +0 pair of gloves
Will    +....                   (boots unavailable)
Stlth   ++........              (no amulet)
HPRegen 0.20/turn               J - ring of wizardry
MPRegen 0.00/turn               C - ring of the Esoteric Suspicion {SInv, Self, Evo} (curse)

@: flying
A: sickness immunity, fire resistance 2, cold vulnerability 1, float, innate
caster, HP casting, extra vitality 1
a: Renounce Religion, Curse Item, Shatter the Chains


You were on level 10 of the Dungeon.
You worshipped Ashenzari.
Ashenzari was aware of your devotion.
You visited 2 branches of the dungeon, and saw 11 of its levels.

You collected 529 gold pieces.

Inventory:

Armour
 a - a +0 robe
 c - a +0 cloak (worn)
 l - a +0 pair of gloves (worn)
 o - a +0 buckler (worn)
 F - a +2 hat (worn)
 G - the cursed +2 robe "Shackled With Me" (worn) {rN+, Fort, Melee}
   (You took it off Pikel on level 7 of the Dungeon)

   It has a curse which improves the following skills: Fortitude: Armour and
   Shields.
   Melee Combat: Short Blades, Long Blades, Axes, Maces & Flails, Polearms,
   Staves and Unarmed Combat.
Jewellery
 h - a +6 ring of dexterity
 C - the cursed ring of the Esoteric Suspicion (right hand) {SInv, Self, Evo}
   (You found it on level 6 of the Dungeon)

   [ring of see invisible]

   SInv:      It lets you see invisible.
   It has a curse which improves the following skills: Introspection: Fighting
   and Spellcasting.
   Evocations: Evocations.
 J - a ring of wizardry (left hand)
Wands
 q - a wand of mindburst (18)
 t - a wand of paralysis (11)
 u - a wand of flame (12)
Scrolls
 f - a scroll of teleportation
 m - 2 scrolls of enchant armour
 n - a scroll of brand weapon
 r - 3 scrolls of fog
 v - a scroll of noise
 w - 4 scrolls of immolation
 y - a scroll of torment
 z - 2 scrolls of vulnerability
 B - a scroll of identify
 E - a scroll of magic mapping
 I - a scroll of holy word
Potions
 b - 2 potions of ambrosia
 d - 2 potions of brilliance
 e - a potion of resistance
 g - 2 potions of haste
 i - 2 potions of magic
 j - 2 potions of might
 k - a potion of curing
 p - a potion of lignification
 s - a potion of mutation
 A - a potion of attraction
 D - a potion of flight
 H - 2 potions of degeneration


   Skills:
 + Level 7.1(8.0) Armour
 + Level 8.2 Dodging
 - Level 1.7 Stealth
 + Level 6.8(7.7) Shields
 * Level 8.3(9.1) Spellcasting


You had one spell level left.
You knew the following spells:

 Your Spells              Type           Power      Damage    Failure   Level
a - Foxfire               Conj/Fire      100%       2x1d9     1%          1
b - Scorch                Fire           100%       2d10      1%          2
c - Conjure Flame         Conj/Fire      50%        6-21      1%          3
d - Inner Flame           Hex/Fire       50%        N/A       1%          3
e - Flame Wave            Conj/Fire      50%        2d10      1%          4
f - Sting                 Tmut/Pois      100%       1d8       1%          1
g - Wereblood             Tmut           50%        N/A       1%          2
h - Lesser Beckoning      Tloc           50%        N/A       1%          3
i - Fulminant Prism       Conj/Hex       25%        3d14      1%          4
j - Summon Ice Beast      Ice/Summ       50%        N/A       1%          4
Your spell library was empty.

Dungeon Overview and Level Annotations

Branches:
Dungeon (10/15)            Temple (1/1) D:7
   Lair: D:8-11         Orc: D:9-12

Altars:
Ashenzari
Cheibriados
Dithmenos
Elyvilon
Fedhas
Gozag
Hepliaklqana
Kikubaaqudgha
Makhleb
Nemelex Xobeh
Okawaru
Qazlal
Ru
Trog
Wu Jian
Yredelemnul
Zin
The Shining One

Shops:
D:1 *   D:7 *[(   D:9 (

Annotations:
D:7 3 runed translucent doors, a3don's ghost, novice MiFi


Innate Abilities, Weirdness & Mutations

You are immune to sickness and miasma.
You are immune to poison.
Your flesh is very heat resistant. (rF++)
You are vulnerable to cold. (rC-)
You float through the air rather than walking.
You learn spells naturally, not from books.
Your magical power is your life essence.
You have superior vitality. (+4 MHP)


Message History

A water moccasin comes into view.
The water moccasin bites you but does no damage.
A wave of flame ripples out!
The flame wave engulfs the yak but does no damage.
The yak is almost dead.
The flame wave engulfs the water moccasin!
You kill the water moccasin!
The flame wave engulfs the yak!
The yak is heavily wounded.
The flame wave engulfs the yak.
The yak is lightly wounded.
The flame wave engulfs the komodo dragon!
The komodo dragon is lightly wounded.
You finish channelling waves of flame.
The yak gores you!
The bullfrog hits the fungus.
The fungus begins to die.
The centaur shoots an arrow.
The arrow hits you!
* * * LOW HITPOINT WARNING * * *
x2 The bullfrog swells and bulges.
As you read the scroll of fear, it crumbles to dust.
You assume a fearsome visage.
The komodo dragon looks frightened!
The water moccasin looks frightened!
The centaur looks frightened!
The black bear looks frightened!
The bullfrog looks frightened! x2
The yak looks frightened! x6; A nearby plant withers and dies.
The yak is no longer more vulnerable to fire.
A water moccasin comes into view.
Casting: Flame Wave (dangerous; 1% risk of failure)
Confirm with . or Enter, or press ? or * to list all spells.
Aiming: Fulminant Prism (dangerous; 1% risk of failure)
Press: ? - help, Dir - move target You conjure a prism of explosive energy!
* * * LOW HITPOINT WARNING * * *
A fulminant prism comes into view.
The centaur looks desperately for an escape route.
There are monsters nearby!
The bullfrog hits the fungus.
The fungus begins to die.
Your fulminant prism crackles loudly.
A nearby fungus withers and dies. x2
Your fulminant prism explodes!
The blast of energy engulfs you!!
You die...

##.. ##..#
Y...... ....#
.>.Y... ...#
..Y.Y.. . #..Y
.Y..... ..
.#..#
.......### #...
....#
#........#.!...
..÷<#
#........)..
..##.#
#@...P.P. ...
... ##†..PPPP
....$ .......
....... ...P.P.
....... S.P..P.
. .......
...P... ...
......#


.lPP.PP ... PP..P.. ... You could see a komodo dragon (fleeing), 5 yaks and a
water moccasin.

Vanquished Creatures
  A two-headed ogre (D:9)
  Pikel (D:7)
  A gargoyle (D:9)
  Prince Ribbit (D:5)
  A shadow (D:9)
  4 yaks
  2 acid dragons
  3 water moccasins
  An ice beast (D:7)
  A black bear (D:6)
  A necrophage (D:7)
  2 sky beasts
  3 ogres
  3 centaurs
  A phantom (D:5)
  4 lemures (D:7)
  2 kobold brigands
  A water moccasin zombie (D:5)
  A bullfrog (D:8)
  3 scorpions
  A water moccasin skeleton (D:5)
  10 killer bees
  2 electric eels (D:7)
  14 wights
  5 bullfrog skeletons
  3 jellies
  2 hounds
  3 centaur skeletons
  2 orc wizards (D:6)
  2 iguanas
  2 killer bee zombies
  A howler monkey zombie (D:7)
  A howler monkey skeleton (D:5)
  6 adders
  A white imp (D:6)
  3 ufetubi
  An adder skeleton (D:4)
  3 worms
  2 dart slugs
  5 orcs
  7 ball pythons
  4 endoplasms
  2 giant cockroaches
  5 goblins
  7 hobgoblins
  5 jackals (D:2)
  16 kobolds
  2 quokkas
  2 bats
  3 frilled lizards
  2 rats (D:2)
  3 foxfires
164 creatures vanquished.

Vanquished Creatures (collateral kills)
  2 foxfires (D:2)
2 creatures vanquished.

Vanquished Creatures (others)
  A wizard (D:9)
  565 foxfires
  33 fulminant prisms
  10 fungi (D:10)
  20 plants
629 creatures vanquished.

Grand Total: 795 creatures vanquished

Notes
Turn   | Place    | Note
-------+----------+-------------------------------------------
     0 | D:1      | smarlow the Djinni Fire Elementalist began the quest for
                  | the Orb.
     0 | D:1      | Reached XP level 1. HP: 15/15 MP: 0/0
    34 | D:1      | Found Jemaupt's General Store.
   396 | D:1      | Reached XP level 2. HP: 17/21 MP: 0/0
   870 | D:1      | Found a faded altar of an unknown god.
   994 | D:2      | Reached XP level 3. HP: 22/25 MP: 0/0
   994 | D:2      | Learned a level 1 spell: Sting
  1388 | D:2      | Reached skill level 1 in Armour
  1640 | D:2      | Reached XP level 4. HP: 24/31 MP: 0/0
  2465 | D:3      | Found a sacrificial altar of Ru.
  2600 | D:3      | Found a glowing golden altar of the Shining One.
  2600 | D:3      | You are sucked into a shaft and drop 2 floors!
  2600 | D:5      | Entered Level 5 of the Dungeon
  2611 | D:5      | Noticed a sky beast
  2618 | D:5      | Killed a sky beast
  2619 | D:5      | Reached skill level 1 in Shields
  2619 | D:5      | Reached XP level 5. HP: 22/35 MP: 0/0
  2619 | D:5      | Learned a level 2 spell: Wereblood
  2861 | D:4      | Reached XP level 6. HP: 37/40 MP: 0/0
  3876 | D:5      | Noticed an ogre
  3887 | D:5      | Killed an ogre
  3889 | D:5      | Noticed Prince Ribbit
  3896 | D:5      | Killed Prince Ribbit
  3897 | D:5      | Reached XP level 7. HP: 22/45 MP: 0/0
  3897 | D:5      | Learned a level 3 spell: Lesser Beckoning
  4150 | D:5      | Reached XP level 8. HP: 37/50 MP: 0/0
  4587 | D:5      | Reached skill level 5 in Spellcasting
  4788 | D:6      | Reached skill level 5 in Dodging
  5256 | D:6      | Found a stormy altar of Qazlal.
  5442 | D:6      | Reached XP level 9. HP: 48/55 MP: 0/0
  5442 | D:6      | Learned a level 4 spell: Fulminant Prism
  6010 | D:7      | Found Zil Ties's General Store.
  6125 | D:7      | Reached skill level 5 in Armour
  6244 | D:7      | Found an iron altar of Okawaru.
  6309 | D:7      | Found a staircase to the Ecumenical Temple.
  6367 | Temple   | Entered the Ecumenical Temple
  6407 | Temple   | Became a worshipper of Ashenzari the Shackled
  6580 | D:7      | Reached skill level 5 in Shields
  6798 | D:7      | Found an opulent altar of Gozag.
  6804 | D:7      | Found Zumowaca's Antique Armour Shop.
  7085 | D:7      | Found a white marble altar of Elyvilon.
  7089 | D:7      | Reached XP level 10. HP: 50/60 MP: 0/0
  7256 | D:7      | Noticed Pikel
  7490 | D:7      | Found Qagguur's Antique Weapon Shoppe.
  7630 | D:7      | Killed Pikel
  7860 | D:7      | Found a runed translucent gate.
  7860 | D:7      | Found a runed translucent gate.
  7861 | D:7      | Found a runed translucent gate.
  7861 | D:7      | Noticed a3don's ghost (novice MiFi)
  8508 | D:8      | Found a blossoming altar of Fedhas.
  9390 | D:9      | Found Sawkuba's Weapon Shoppe.
  9401 | D:9      | Noticed a two-headed ogre
  9407 | D:9      | Killed a two-headed ogre
  9623 | D:9      | Reached * piety under Ashenzari
  9624 | D:9      | Identified the +4 short sword "Nafiry" {vorpal, rPois Str-5
                  | Int+2 Dex+4}
  9660 | D:9      | Noticed a gargoyle
  9671 | D:9      | Killed a gargoyle
 10188 | D:9      | Found a snail-covered altar of Cheibriados.
 10254 | D:9      | Found a bloodstained altar of Trog.
 10257 | D:9      | Noticed a wizard
 10263 | D:9      | Killed a wizard
 10598 | D:10     | Entered Level 10 of the Dungeon
 10707 | D:10     | Reached XP level 11. HP: 49/65 MP: 0/0
 10707 | D:10     | Learned a level 4 spell: Summon Ice Beast
 11061 | D:10     | Killed by an exploding fulminant prism

Illustrated notes

Levels and vault maps discovered:
D:1:      minmay_arrival_radiant_lines, layout_loops_ring, serial_shops,
          nicolae_square_shop, shapermc_ecumenical_altar_mp_vishouse,
          serial_bayou_ford_a
D:2:      minmay_door_path, layout_rooms, palyth_stone_intersect,
          serial_bayou_lake_a
D:3:      layout_loops_ring, chequers_temple_overflow_statue_of_worship,
          lemuel_crystal_altar, nicolae_uskayaw_murder_on_the_dancefloor
D:4:      layout_basic, chequers_serial_rivers_micro_c
D:5:      layout_cave_pools, grunt_ministairs_15, uniq_prince_ribbit1
D:6:      layout_loops_ring, nicolae_qazlal_general_emergency
D:7:      layout_loops_ring, nicolae_overflow_crystal_walls, old_standard_altar,
          nicolae_elyvilon_temple_path, nicolae_overflow_hidden_temple,
          minmay_temple_entry_large_hall, serial_shops, shop,
          nicolae_shop_advertising_works [nicolae_subvault_shop_adworks],
          shop_coins, gammafunk_ghost_necromancy, minmay_misc_feat_doors,
          uniq_pikel
D:8:      layout_cave_pods, fedhas_altar_4, serial_rivers,
          chequers_serial_rivers_room_a, chequers_serial_rivers_micro_b,
          chequers_serial_rivers_large_b, chequers_serial_rivers_micro_e,
          chequers_serial_rivers_micro_b, chequers_serial_rivers_micro_c
D:9:      layout_stronghold, cheibrodos_worm_habitat, trog_wizard,
          nicolae_stop_n_shop_1
D:10:     layout_cave_pools, due_lair_maze_entry_diamond
Temple:   cyrus_temple_forest

Skill      XL: |  1  2  3  4  5  6  7  8  9 10 11 |
---------------+----------------------------------+-----
Armour         | 1 2 3 4 5 6 7 |  7.1
Spellcasting   | 3 4 5 6 8 |  8.3
Dodging        | 3 4 5 6 8 |  8.2
Shields        | 1 2 4 5 6 |  6.8
Stealth        | |  1.7

Action                   |  1- 3 |  4- 6 |  7- 9 | 10-12 || total
-------------------------+-------+-------+-------+-------++-------
 Cast: Foxfire           |    52 |   105 |   143 |    61 ||   361
       Scorch            |     5 |    14 |    45 |    48 ||   112
       Sting             |     1 |       |       |       ||     1
       Wereblood         |       |       |     1 |       ||     1
       Fulminant Prism   |       |       |    10 |    23 ||    33
       Flame Wave        |       |       |       |     2 ||     2
Invok: Curse Item        |       |       |       |     2 ||     2
  Use: Scroll            |       |       |     4 |     3 ||     7
       Potion            |       |       |       |     2 ||     2
Armor: Robe              |       |       |     4 |    12 ||    16
Dodge: Dodged            |     1 |       |    22 |    34 ||    57
Block: Buckler           |       |       |     2 |    18 ||    20
